 Dungeon Crawl Stone Soup version 0.31-a0-848-gaac375c287 (webtiles) character file.

Game seed: 10305815733909757937

499 javelincjr the Changeling (level 6, 0/54 HPs)
             Began as a Troll Shapeshifter on Oct 4, 2023.
             Slain by a wyvern (9 damage)
             ... on level 4 of the Dungeon.
             The game lasted 00:09:05 (3121 turns).

javelincjr the Changeling (Troll Shapeshifter)      Turns: 3121, Time: 00:09:05

Health: 0/54       AC:  4    Str: 25    XL:     6   Next: 94%
Magic:  14/14      EV:  9    Int:  6    God:
Gold:   231        SH:  0    Dex:  9    Spells: 5/5 levels left

rFire   + . .        p - +2 long sword (drain)
rCold   . . .        (no shield)
rNeg    . . .        a - +0 animal skin
rPois   +            (helmet currently unavailable)
rElec   +            (cloak currently unavailable)
rCorr   .            (gloves unavailable)
SInv    .            (boots unavailable)
Will    .....        (no amulet)
Stlth   +            i - ring of magical power
HPRegen 1.09/turn    w - ring of Aqekhulu {rElec rPois rF+}
MPRegen 0.14/turn

%: no passive effects
@: beast-form
A: beast (slay +4), large, unfitting armour, claws 3, regeneration 1, shaggy fur
1, tough skin 1
a: Begin Untransformation


You were on level 4 of the Dungeon.
You were a hulking beast.
You visited 1 branch of the dungeon, and saw 5 of its levels.

You collected 231 gold pieces.

Inventory:

Hand Weapons
 k - a +1 dagger of protection
 p - a +2 long sword of draining (weapon)
 y - a +3 dagger of electrocution
Missiles
 g - 17 stones
 t - 4 javelins
Armour
 a - a +0 animal skin (worn)
 j - a +0 cloak
Jewellery
 i - a ring of magical power (left claw)
 l - a ring of positive energy
 w - the ring of Aqekhulu (right claw) {rElec rPois rF+}
   (You found it on level 3 of the Dungeon)

   [ring of poison resistance]

   rF+:       It protects you from fire.
   rElec:     It insulates you from electricity.
   rPois:     It protects you from poison
Talismans
 c - a beast talisman (active)
 d - a flux talisman
Wands
 A - a wand of digging (6)
 B - a wand of flame (12)
Scrolls
 e - 3 scrolls of identify {unknown}
 u - a scroll of amnesia {unknown}
Potions
 b - 2 potions of lignification
 f - a potion of ambrosia {unknown}
 h - a potion of haste {unknown}
 m - 2 potions of curing {unknown}
 n - a potion of mutation {unknown}
 o - a potion of berserk rage {unknown}
 q - a potion of might {unknown}
 r - 3 potions of degeneration {unknown}
 s - 2 potions of resistance {unknown}
 v - a potion of heal wounds {unknown}
 x - a potion of enlightenment {unknown}
 z - a potion of magic {unknown}


   Skills:
 - Level 0.7 Fighting
 - Level 1.5 Dodging
 - Level 3.0 Unarmed Combat
 + Level 7.4 Shapeshifting


You had 5 spell levels left.
You didn't know any spells.
Your spell library contained the following spells:

 Spells                   Type           Power      Damage    Failure   Level
 Magic Dart               Conj           0%         1d3       45%         1
 Sandblast                Erth           0%         2d4       45%         1
 Call Imp                 Summ           0%         N/A       58%         2
 Passwall                 Tmut/Erth      0%         N/A       58%         2
 Dazzling Flash           Conj/Hex       0%         N/A       83%         3
 Mephitic Cloud           Conj/Pois/Air  0%         N/A       83%         3
 Stone Arrow              Conj/Erth      0%         3d7       83%         3
 Brom's Barrelling Bould  Conj/Erth      0%         2d3       99%         4
 Agony                    Necr           0%         N/A       100%        5
 Silence                  Hex/Air        0%         N/A       100%        5


Dungeon Overview and Level Annotations

Branches:
Dungeon (5/15)
 Temple: D:4-7

Altars:
The Shining One


Innate Abilities, Weirdness & Mutations

You are a hulking beast.
Your limbs bulge with bestial killing power. (Slay +4)
You are too large for most types of armour.
You have claws for hands.
Your natural rate of healing is unusually fast.
You are covered in fur. (AC +1)
You have tough skin. (AC +1)


Message History

The iguana is heavily wounded.
The iguana bites you. x2
You hit the iguana. You drain the iguana.
You kill the iguana!
You slash the orc!
You kill the orc!
No target in view!
HP restored.
You climb downwards.
The adder hisses angrily.
The orc priest hits you from afar with a +0 trident.
There is a stone staircase leading up here.
A wyvern comes into view.
The wyvern hisses angrily.
You hear a shout!
The orc priest calls down the wrath of Beogh upon you.
Beogh smites you!
You slash the orc priest! You drain the orc priest.
You kill the orc priest!
The orc priest hits you but does no damage.
You barely miss the orc priest. The adder closely misses you.
The orc priest hits you with a +0 flail.
The adder closely misses you. The orc priest completely misses you.
The adder attacks as it pursues you! The adder closely misses you. x2
There is a stone staircase leading up here.
The wyvern bites you!! The adder bites you.
You climb upwards.
There is a stone staircase leading down here.
You barely miss the wyvern. You claw the wyvern.
The wyvern is lightly wounded.
The wyvern bites you! The wyvern barely misses you.
You barely miss the wyvern.
The wyvern is lightly wounded.
The wyvern bites you!
* * * LOW HITPOINT WARNING * * *
The wyvern bites you.
* * * LOW HITPOINT WARNING * * *
You hit the wyvern.
The wyvern is lightly wounded.
The wyvern bites you!
You die...

## # # # # # ######
####### #..##.
#hlS..### ##.....
###.....####.....#
###.....#.....##
###........##.
###.....###.
##........##
##.....#.....
####.....####...
####.#.....##..###.


You could see a wyvern and an adder.

Vanquished Creatures
  A centaur (D:4)
  2 jellies
  2 orc priests
  A sleepcap (D:3)
  2 iguanas (D:4)
  Terence (D:2)
  An orc wizard (D:4)
  8 adders
  An ufetubus (D:4)
  3 worms
  4 dart slugs
  6 orcs
  5 bats
  8 endoplasms
  3 giant cockroaches
  7 goblins
  5 hobgoblins
  3 jackals (D:2)
  6 quokkas
  3 ball pythons
  3 frilled lizards
  3 kobolds
  5 rats
83 creatures vanquished.

Notes
Turn   | Place    | Note
-------+----------+-------------------------------------------
     0 | D:1      | javelincjr the Troll Shapeshifter began the quest for the
                  | Orb.
     0 | D:1      | Reached XP level 1. HP: 18/18 MP: 0/0
    71 | D:1      | Reached XP level 2. HP: 26/26 MP: 1/1
   476 | D:1      | Reached skill level 4 in Shapeshifting
   810 | D:2      | Reached XP level 3. HP: 32/32 MP: 2/2
  1277 | D:2      | Reached XP level 4. HP: 40/40 MP: 3/3
  1401 | D:2      | Noticed Terence
  1420 | D:2      | Killed Terence
  1421 | D:2      | Reached skill level 5 in Shapeshifting
  1592 | D:3      | Reached XP level 5. HP: 16/46 MP: 4/4
  2236 | D:3      | Identified the ring of Aqekhulu {rElec rPois rF+}
  2566 | D:4      | Reached skill level 6 in Shapeshifting
  2639 | D:4      | Noticed a centaur
  2648 | D:4      | Killed a centaur
  2649 | D:4      | Reached XP level 6. HP: 29/54 MP: 5/5
  2796 | D:4      | Reached skill level 7 in Shapeshifting
  2833 | D:4      | Found a glowing golden altar of the Shining One.
  3071 | D:5      | Entered Level 5 of the Dungeon
  3113 | D:5      | Noticed a wyvern
  3121 | D:4      | Slain by a wyvern

Illustrated notes

Levels and vault maps discovered:
D:1:      lordsloth_arrival_two_stooges, layout_loops_ring,
          minmay_misc_feat_secret_circle
D:2:      layout_basic, minmay_hexomino_c4, uniq_terence
D:3:      layout_loops_corners, corexii_shack, minmay_misc_feat_square
D:4:      layout_cave_pools, tso_altar, eino_tiny_chamber, minmay_crossroads
D:5:      layout_loops_ring, uniq_pikel, uniq_edmund, uniq_crazy_yiuf_cottage

Skill      XL: |  1  2  3  4  5  6 |
---------------+-------------------+-----
Shapeshifting  | 4 5 6 7 |  7.4
Fighting       | |  0.7
Dodging        | |  1.5
Unarmed Combat | |  3.0

Action                     |  1- 3 |  4- 6 || total
---------------------------+-------+-------++-------
  Melee: Unarmed           |    52 |       ||    52
         Dagger            |    56 |    88 ||   144
         Punch             |     1 |     7 ||     8
         Long sword        |       |    70 ||    70
    Use: Scroll            |       |     5 ||     5
 Armour: Animal skin       |    66 |   120 ||   186
  Dodge: Dodged            |    50 |    85 ||   135

Table legend: (Time is in decaauts)
 A = Elapsed time spent in this place.
 B = Non-inter-level travel time spent in this place.
 C = Inter-level travel time spent in this place.
 D = Time resting spent in this place.
 E = Time spent auto-exploring this place.
 F = Levels seen in this place.
 G = Mean time per level.
                   A        B        C        D        E       F      G
               +--------+--------+--------+--------+--------+-----+--------+
         Total |   3144 |   2992 |    152 |      8 |   2317 |   5 |  628.8 |
       Dungeon |   3144 |   2992 |    152 |      8 |   2317 |   5 |  628.8 |
               +--------+--------+--------+--------+--------+-----+--------+

Top non-repeatable levels by time:
     D:3: 947 daAuts
     D:2: 866 daAuts
     D:1: 680 daAuts
     D:4: 624 daAuts
     D:5: 25 daAuts
